Dallas Stars vs Arizona Coyotes

Created - Thursday, August 7, 2025 at 07:45

Goals
1 2 3 T
Dallas Stars 2 1 3 6
Arizona Coyotes 1 1 1 3
Shots
1 2 3 T
Dallas Stars 14 8 11 33
Arizona Coyotes 18 9 13 40

1st period

1. Dallas Stars , Jakob Chychrun 1 (Luke Kunin 1) at 9:50
2. Arizona Coyotes , Erik Haula 2 (Tyler Bertuzzi 2, Ross Colton 1) at 10:49
3. Dallas Stars , Brendan Gallagher 1 (Rasmus Ristolainen 2, Elias Lindholm 1) at 12:42 (PP)

Penalties :
Nick Seeler (AZC) for Interference (Minor) at 11:29

2nd period

4. Arizona Coyotes , Mats Zuccarello 2 (Ryan Donato 1) at 6:51 (SH)
5. Dallas Stars , Jordan Martinook 2 (Dougie Hamilton 2, Luke Kunin 2) at 15:49

Penalties :
Elias Lindholm (DAL) for Cross-checking (Minor) at 3:10, Radko Gudas (AZC) for Hooking (Minor) at 6:41, Rasmus Ristolainen (DAL) for Hooking (Minor) at 17:57

3rd period

6. Arizona Coyotes , Tyler Bertuzzi 2 (Anthony DeAngelo 1, Erik Haula 2) at 0:36
7. Dallas Stars , Jonatan Berggren 1 (Trevor van Riemsdyk 1, Marc-Andre Fleury) at 3:43
8. Dallas Stars , Jordan Martinook 3 (Luke Kunin 3) at 4:23 (PP)
9. Dallas Stars , Josh Anderson 2 (Elias Lindholm 2, Rasmus Ristolainen 3) at 8:02

Penalties :
Erik Haula (AZC) for Slashing (Minor) at 4:12, Trevor van Riemsdyk (DAL) for Cross-checking (Minor) at 8:10

Goalie Stats

Marc-Andre Fleury (DAL), 37 saves from 40 shots - (0.925), W, 2-0-0, 60:00 minutes
Jacob Markstrom (AZC), 27 saves from 33 shots - (0.818), L, 0-2-1, 60:00 minutes

Players Stats for Dallas Stars

Player Name              G  A  P  +/- PIM S  H  SB GA TA FO     MP     PP MP  PK MP  
------------------------------------------------------------------------------------
Alex Iafallo             0  0  0  -1  0   2  0  0  1  0  0/1    12:05   0:00   0:00 
Brendan Gallagher        1  0  1   0  0   6  0  1  0  0  0/0    19:43   1:59   2:32 
Cam York                 0  0  0  -1  0   1  0  2  0  1  0/0    16:50   0:00   1:58 
Dougie Hamilton          0  1  1   2  0   0  0  0  0  0  0/0    22:58   2:01   2:52 
Elias Lindholm           0  2  2   0  2   2  2  2  0  0  8/18   18:59   1:59   1:45 
Jack Drury               0  0  0  -1  0   0  1  0  0  0  4/7    13:36   0:00   1:28 
Jakob Chychrun           1  0  1   0  0   1  0  2  0  1  0/0    22:40   1:22   3:12 
Joel Kiviranta           0  0  0   0  0   0  2  0  0  0  0/0     8:43   0:00   0:00 
Jonas Siegenthaler       0  0  0  -1  0   0  0  2  0  0  0/0    15:17   0:00   0:25 
Jonatan Berggren         1  0  1   0  0   3  0  0  0  1  0/0     8:43   0:00   0:00 
Jordan Greenway          0  0  0   2  0   4  0  1  0  0  1/2    16:35   1:24   0:35 
Jordan Martinook         2  0  2   2  0   5  4  0  0  0  2/3    18:50   1:24   2:41 
Josh Anderson            1  0  1   0  0   3  2  0  0  0  0/3    19:39   1:59   2:36 
Luke Kunin               0  3  3   2  0   2  4  0  0  1  11/30  16:14   1:24   0:17 
Philip Tomasino          0  0  0   0  0   0  0  0  0  0  0/4     8:43   0:00   0:00 
Rasmus Ristolainen       0  2  2   2  2   1  0  0  0  0  0/0    21:29   2:01   1:47 
Trent Frederic           0  0  0  -1  0   2  2  0  0  0  0/0    12:05   0:00   0:00 
Trevor van Riemsdyk      0  1  1   0  2   1  1  2  1  0  0/0    20:51   1:22   1:40 

Players Stats for Arizona Coyotes

Player Name              G  A  P  +/- PIM S  H  SB GA TA FO     MP     PP MP  PK MP  
------------------------------------------------------------------------------------
Anthony DeAngelo         0  1  1   1  0   0  0  0  0  0  0/0    13:42   0:00   0:56 
Brayden McNabb           0  0  0   0  0   2  2  2  0  1  0/0    20:06   2:47   1:14 
Brock McGinn             0  0  0   0  0   2  1  1  1  0  0/0     8:24   0:00   0:00 
Charlie Coyle            0  0  0  -2  0   3  0  0  0  0  12/22  19:35   3:05   1:45 
Erik Haula               1  1  2   1  2   2  3  0  0  0  9/15   12:19   0:04   0:00 
Jared Spurgeon           0  0  0   0  0   2  1  0  0  0  0/0    20:06   2:47   1:14 
Johnathan Kovacevic      0  0  0  -2  0   4  4  1  0  0  0/0    26:52   3:10   2:09 
Kiefer Sherwood          0  0  0  -1  0   2  2  0  0  0  1/1    17:35   2:48   0:00 
Mark Jankowski           0  0  0   0  0   0  0  0  0  0  3/5     8:24   0:00   0:00 
Mason McTavish           0  0  0  -1  0   3  0  0  0  0  13/18  17:56   2:48   0:00 
Mats Zuccarello          1  0  1   0  0   5  1  0  0  1  1/3    19:45   2:52   1:38 
Nick Seeler              0  0  0   1  2   1  3  2  0  0  0/0    13:01   0:00   0:00 
Ondrej Palat             0  0  0   0  0   2  0  0  0  0  0/0     8:27   0:00   0:00 
Radko Gudas              0  0  0  -2  2   1  3  0  0  0  0/0    26:39   3:10   1:13 
Ross Colton              0  1  1   1  0   2  2  1  0  0  0/0    10:14   0:00   0:00 
Ryan Donato              0  1  1  -1  0   4  4  3  0  0  2/3    21:34   3:05   1:38 
Tyler Bertuzzi           1  1  2   1  0   1  0  0  1  0  0/0    12:20   0:04   0:00 
Tyler Seguin             0  0  0  -2  0   4  0  0  2  0  1/1    19:35   3:05   1:45 

3 Stars

1 - Jordan Martinook (DAL)
2 - Luke Kunin (DAL)
3 - Josh Anderson (DAL)

Power Play

Dallas Stars - 2 on 3 Attempt(s) - 66.67%
Arizona Coyotes - 0 on 3 Attempt(s) - 0.00%

Penalty Kill

Dallas Stars - 3 on 3 Attempt(s) - 100.00% - Score 0 goal in Penalty Kill
Arizona Coyotes - 1 on 3 Attempt(s) - 33.33% - Score 1 goal in Penalty Kill

Team Stat

Dallas Stars - Hits : 18 - Faceoff Wins : 26 - Blocked Shots : 12 - Penalty Minutes : 6
Arizona Coyotes - Hits : 26 - Faceoff Wins : 42 - Blocked Shots : 10 - Penalty Minutes : 6

Official

Referees : Unknown
Linesman : Unknown

Game Notes

Ross Colton is injured at 13:27 of 3rd period (Strained Right Elbow)

Finance

Level 1 -- Attendance: 5997 (99.95%) -- Ticket Income $551,724
Level 2 -- Attendance: 4336 (86.72%) -- Ticket Income $247,152
Level 3 -- Attendance: 2624 (87.47%) -- Ticket Income $83,968
Level 4 -- Attendance: 5000 (100.00%) -- Ticket Income $110,000
Luxury Box -- Attendance: 965 (96.50%) -- Ticket Income $185,280
Game was played at the Gila River Arena.
Total Attendance: 18922 (94.61%)
Total Ticket Income: $1,178,124
Other Income: $412,343
Total Income: $1,590,467

Dallas Stars

5 vs 5 Forward 
   Center                   Left Wing                Right Wing               Time % Phy DF OF 
 1 Elias Lindholm           Josh Anderson            Brendan Gallagher        30     1   2  2  
 2 Luke Kunin               Jordan Martinook         Jordan Greenway          30     1   2  2  
 3 Jack Drury               Alex Iafallo             Trent Frederic           25     1   2  2  
 4 Philip Tomasino          Joel Kiviranta           Jonatan Berggren         15     1   2  2  

5 vs 5 Defense 
   Defense                  Defense                                           Time % Phy DF OF 
 1 Rasmus Ristolainen       Dougie Hamilton                                   35     1   2  2  
 2 Trevor van Riemsdyk      Jakob Chychrun                                    35     1   2  2  
 3 Jonas Siegenthaler       Cam York                                          30     1   2  2  
 4 Rasmus Ristolainen       Dougie Hamilton                                   0      1   2  2  

PowerPlay Forward 
   Center                   Left Wing                Right Wing               Time % Phy DF OF 
 1 Elias Lindholm           Josh Anderson            Brendan Gallagher        50     1   2  2  
 2 Luke Kunin               Jordan Martinook         Jordan Greenway          50     1   2  2  

PowerPlay Defense
   Defense                  Defense                                           Time % Phy DF OF 
 1 Rasmus Ristolainen       Dougie Hamilton                                   50     1   2  2  
 2 Trevor van Riemsdyk      Jakob Chychrun                                    50     1   2  2  

Penalty Kill 4 Players Forward 
   Center                   Wing                     Time % Phy DF OF 
 1 Elias Lindholm           Josh Anderson            50     1   2  2  
 2 Jordan Martinook         Brendan Gallagher        50     1   2  2  

Penalty Kill 4 Players Defense
   Defense                  Defense                  Time % Phy DF OF 
 1 Rasmus Ristolainen       Dougie Hamilton          50     1   2  2  
 2 Trevor van Riemsdyk      Jakob Chychrun           50     1   2  2  

Penalty Kill - 3 Players Forward 
   Forward                                           Time % Phy DF OF 
 1 Elias Lindholm                                    50     1   2  2  
 2 Josh Anderson                                     50     1   2  2  

Penalty Kill - 3 Players Defense
   Defense                  Defense                  Time % Phy DF OF 
 1 Rasmus Ristolainen       Dougie Hamilton          50     1   2  2  
 2 Trevor van Riemsdyk      Jakob Chychrun           50     1   2  2  

4 vs 4 Forward 
   Center                   Wing                     Time % Phy DF OF 
 1 Elias Lindholm           Josh Anderson            50     1   2  2  
 2 Jordan Martinook         Brendan Gallagher        50     1   2  2  

4 vs 4 Defense
   Defense                  Defense                  Time % Phy DF OF 
 1 Rasmus Ristolainen       Dougie Hamilton          50     1   2  2  
 2 Trevor van Riemsdyk      Jakob Chychrun           50     1   2  2  

Last Minutes Offensive
   Center                   Left Wing                Right Wing               Defense                  Defense                  
   Elias Lindholm           Josh Anderson            Brendan Gallagher        Rasmus Ristolainen       Dougie Hamilton          

Last Minutes Defensive
   Center                   Left Wing                Right Wing               Defense                  Defense                  
   Elias Lindholm           Josh Anderson            Brendan Gallagher        Rasmus Ristolainen       Dougie Hamilton          

Goaltenders
Starting : Marc-Andre Fleury        
Backup : Alex Lyon                

Extra Forwards
Normal : Alex Iafallo, Joel Kiviranta, Jack Drury - PP : Alex Iafallo, Joel Kiviranta - PK : Jack Drury
Extra Defensemen
Normal : Jonas Siegenthaler, Cam York, Trevor van Riemsdyk - PP : Jonas Siegenthaler - PK : Cam York, Trevor van Riemsdyk
Penalty Shots
Elias Lindholm, Josh Anderson, Jordan Martinook, Brendan Gallagher, Alex Iafallo

Scratches
Filip Chytil (Bruised Right Leg Injury), Semyon Varlamov (Healthy)

Arizona Coyotes

5 vs 5 Forward 
   Center                   Left Wing                Right Wing               Time % Phy DF OF 
 1 Charlie Coyle            Ryan Donato              Tyler Seguin             30     1   2  2  
 2 Mason McTavish           Mats Zuccarello          Kiefer Sherwood          30     1   2  2  
 3 Erik Haula               Tyler Bertuzzi           Ross Colton              25     1   2  2  
 4 Mark Jankowski           Brock McGinn             Ondrej Palat             15     1   2  2  

5 vs 5 Defense 
   Defense                  Defense                                           Time % Phy DF OF 
 1 Radko Gudas              Johnathan Kovacevic                               30     1   2  2  
 2 Brayden McNabb           Jared Spurgeon                                    30     1   2  2  
 3 Nick Seeler              Anthony DeAngelo                                  25     1   2  2  
 4 Radko Gudas              Johnathan Kovacevic                               15     1   2  2  

PowerPlay Forward 
   Center                   Left Wing                Right Wing               Time % Phy DF OF 
 1 Charlie Coyle            Ryan Donato              Tyler Seguin             50     1   2  2  
 2 Mason McTavish           Mats Zuccarello          Kiefer Sherwood          50     1   2  2  

PowerPlay Defense
   Defense                  Defense                                           Time % Phy DF OF 
 1 Radko Gudas              Johnathan Kovacevic                               50     1   2  2  
 2 Brayden McNabb           Jared Spurgeon                                    50     1   2  2  

Penalty Kill 4 Players Forward 
   Center                   Wing                     Time % Phy DF OF 
 1 Charlie Coyle            Tyler Seguin             50     1   2  2  
 2 Ryan Donato              Mats Zuccarello          50     1   2  2  

Penalty Kill 4 Players Defense
   Defense                  Defense                  Time % Phy DF OF 
 1 Radko Gudas              Johnathan Kovacevic      50     1   2  2  
 2 Brayden McNabb           Jared Spurgeon           50     1   2  2  

Penalty Kill - 3 Players Forward 
   Forward                                           Time % Phy DF OF 
 1 Charlie Coyle                                     50     1   2  2  
 2 Tyler Seguin                                      50     1   2  2  

Penalty Kill - 3 Players Defense
   Defense                  Defense                  Time % Phy DF OF 
 1 Radko Gudas              Johnathan Kovacevic      50     1   2  2  
 2 Brayden McNabb           Jared Spurgeon           50     1   2  2  

4 vs 4 Forward 
   Center                   Wing                     Time % Phy DF OF 
 1 Charlie Coyle            Tyler Seguin             50     1   2  2  
 2 Ryan Donato              Mats Zuccarello          50     1   2  2  

4 vs 4 Defense
   Defense                  Defense                  Time % Phy DF OF 
 1 Radko Gudas              Johnathan Kovacevic      50     1   2  2  
 2 Brayden McNabb           Jared Spurgeon           50     1   2  2  

Last Minutes Offensive
   Center                   Left Wing                Right Wing               Defense                  Defense                  
   Charlie Coyle            Ryan Donato              Tyler Seguin             Radko Gudas              Johnathan Kovacevic      

Last Minutes Defensive
   Center                   Left Wing                Right Wing               Defense                  Defense                  
   Charlie Coyle            Ryan Donato              Tyler Seguin             Radko Gudas              Johnathan Kovacevic      

Goaltenders
Starting : Jacob Markstrom          
Backup : Elvis Merzlikins         

Extra Forwards
Normal : Tyler Bertuzzi, Erik Haula, Ross Colton - PP : Tyler Bertuzzi, Erik Haula - PK : Ross Colton
Extra Defensemen
Normal : Nick Seeler, Anthony DeAngelo, Brayden McNabb - PP : Nick Seeler - PK : Anthony DeAngelo, Brayden McNabb
Penalty Shots
Charlie Coyle, Tyler Seguin, Ryan Donato, Mats Zuccarello, Mason McTavish

Scratches
Matt Dumba (Healthy), Zach Dean (Healthy), Jani Hakanpaa (Healthy), Carter Hart (Healthy)

% Time on Ice - Dallas Stars

Lines # - Real PCT - Wanted PCT - Time Play
Normal Forward
1 - 30% - 30% - 15:04
2 - 29% - 30% - 14:48
3 - 24% - 25% - 12:05
4 - 17% - 15% - 8:43
Normal Defense
1 - 35% - 35% - 17:42
2 - 36% - 35% - 18:06
3 - 29% - 30% - 14:52
4 - 0% - 0% - 0:00
PP Forward
1 - 59% - 50% - 1:59
2 - 41% - 50% - 1:24
PP Defense
1 - 60% - 50% - 2:01
2 - 40% - 50% - 1:22
PK Forward
1 - 50% - 50% - 2:58
2 - 50% - 50% - 2:59
PK Defense
1 - 50% - 50% - 2:58
2 - 50% - 50% - 2:59
PK3 Forward
1 - 0% - 50%
2 - 0% - 50%
PK3 Defense
1 - 0% - 50%
2 - 0% - 50%
44 Forward
1 - 0% - 50%
2 - 0% - 50%
44 Defense
1 - 0% - 50%
2 - 0% - 50%
Last Minute Offensive  - 0:00
Last Minute Defensive  - 0:00
Total
Forward - 60:00
Defense - 60:00

% Time on Ice - Arizona Coyotes

Lines # - Real PCT - Wanted PCT - Time Play
Normal Forward
1 - 29% - 30% - 14:45
2 - 30% - 30% - 15:18
3 - 24% - 25% - 12:13
4 - 17% - 15% - 8:24
Normal Defense
1 - 30% - 30% - 15:19
2 - 32% - 30% - 16:05
3 - 26% - 25% - 13:02
4 - 12% - 15% - 6:14
PP Forward
1 - 52% - 50% - 3:05
2 - 48% - 50% - 2:52
PP Defense
1 - 53% - 50% - 3:10
2 - 47% - 50% - 2:47
PK Forward
1 - 52% - 50% - 1:45
2 - 48% - 50% - 1:38
PK Defense
1 - 64% - 50% - 2:09
2 - 36% - 50% - 1:14
PK3 Forward
1 - 0% - 50%
2 - 0% - 50%
PK3 Defense
1 - 0% - 50%
2 - 0% - 50%
44 Forward
1 - 0% - 50%
2 - 0% - 50%
44 Defense
1 - 0% - 50%
2 - 0% - 50%
Last Minute Offensive  - 0:00
Last Minute Defensive  - 0:00
Total
Forward - 60:00
Defense - 60:00

Play-by-Play

1st period


0:01 of 1st period - Elias Lindholm wins face-off versus Charlie Coyle in neutral zone.
0:09 of 1st period - Rasmus Ristolainen is hit by Johnathan Kovacevic and loses puck.
0:16 of 1st period - Wrist shot by Charlie Coyle.
0:16 of 1st period - Stopped by Marc-Andre Fleury without a rebound.
0:17 of 1st period - Mason McTavish wins face-off versus Luke Kunin in Dallas Stars zone.
1:10 of 1st period - Wrist shot by Jonatan Berggren.
1:10 of 1st period - Shot Misses the Net.
1:24 of 1st period - Wrist shot by Tyler Seguin.
1:24 of 1st period - Shot Misses the Net.
1:26 of 1st period - Slapshot by Nick Seeler.
1:26 of 1st period - Stopped by Marc-Andre Fleury with a rebound.
1:30 of 1st period - Snap shot by Tyler Seguin.
1:30 of 1st period - Stopped by Marc-Andre Fleury without a rebound.
1:31 of 1st period - Charlie Coyle wins face-off versus Luke Kunin in Dallas Stars zone.
1:38 of 1st period - Slapshot by Jakob Chychrun.
1:38 of 1st period - Deflect By Luke Kunin.
1:38 of 1st period - Shot Misses the Net.
1:38 of 1st period - Puck is out of play.
1:39 of 1st period - Mason McTavish wins face-off versus Luke Kunin in Arizona Coyotes zone.
2:10 of 1st period - Slapshot by Ross Colton.
2:10 of 1st period - Shot Misses the Net.
3:00 of 1st period - Slapshot by Tyler Seguin.
3:00 of 1st period - Shot Blocked by Jakob Chychrun.
3:29 of 1st period - Snap shot by Tyler Seguin.
3:29 of 1st period - Shot Misses the Net.
3:31 of 1st period - Slapshot by Brayden McNabb.
3:31 of 1st period - Stopped by Marc-Andre Fleury without a rebound.
3:32 of 1st period - Mason McTavish wins face-off versus Luke Kunin in Dallas Stars zone.
3:51 of 1st period - Icing by Jordan Greenway.
3:52 of 1st period - Erik Haula wins face-off versus Luke Kunin in Dallas Stars zone.
3:57 of 1st period - Wrist shot by Erik Haula.
3:57 of 1st period - Stopped by Marc-Andre Fleury with a rebound.
4:05 of 1st period - Snap shot by Jordan Greenway.
4:05 of 1st period - Stopped by Jacob Markstrom with a rebound.
4:07 of 1st period - Slapshot by Cam York.
4:07 of 1st period - Shot Misses the Net.
4:09 of 1st period - Snap shot by Jordan Greenway.
4:09 of 1st period - Shot Blocked by Ross Colton.
4:11 of 1st period - Wrist shot by Jordan Martinook.
4:11 of 1st period - Shot Blocked by Nick Seeler.
4:13 of 1st period - Snap shot by Cam York.
4:13 of 1st period - Stopped by Jacob Markstrom without a rebound.
4:14 of 1st period - Elias Lindholm wins face-off versus Mason McTavish in Arizona Coyotes zone.
5:27 of 1st period - Icing by Jonas Siegenthaler.
5:28 of 1st period - Charlie Coyle wins face-off versus Luke Kunin in Dallas Stars zone.
5:31 of 1st period - Snap shot by Tyler Seguin.
5:31 of 1st period - Stopped by Marc-Andre Fleury with a rebound.
6:05 of 1st period - Josh Anderson is hit by Nick Seeler and loses puck.
6:16 of 1st period - Brayden McNabb is hit by Trent Frederic and loses puck.
6:58 of 1st period - Trevor van Riemsdyk is hit by Ryan Donato and loses puck.
7:07 of 1st period - Jared Spurgeon is hit by Jordan Martinook and loses puck.
7:42 of 1st period - Snap shot by Trent Frederic.
7:42 of 1st period - Stopped by Jacob Markstrom with a rebound.
7:44 of 1st period - Slapshot by Jakob Chychrun.
7:44 of 1st period - Deflect By Alex Iafallo.
7:44 of 1st period - Shot Blocked by Brayden McNabb.
7:44 of 1st period - Puck is out of play.
7:45 of 1st period - Mason McTavish wins face-off versus Luke Kunin in Arizona Coyotes zone.
8:00 of 1st period - Snap shot by Mats Zuccarello.
8:00 of 1st period - Stopped by Marc-Andre Fleury without a rebound.
8:01 of 1st period - Erik Haula wins face-off versus Josh Anderson in Dallas Stars zone.
8:02 of 1st period - Wrist shot by Ross Colton.
8:02 of 1st period - Stopped by Marc-Andre Fleury with a rebound.
8:05 of 1st period - Icing by Dougie Hamilton.
8:06 of 1st period - Erik Haula wins face-off versus Elias Lindholm in Dallas Stars zone.
8:13 of 1st period - Wrist shot by Ross Colton.
8:13 of 1st period - Stopped by Marc-Andre Fleury with a rebound.
8:41 of 1st period - Snap shot by Alex Iafallo.
8:41 of 1st period - Stopped by Jacob Markstrom without a rebound.
8:42 of 1st period - Mark Jankowski wins face-off versus Elias Lindholm in Arizona Coyotes zone.
9:07 of 1st period - Josh Anderson is hit by Nick Seeler and loses puck.
9:18 of 1st period - Slapshot by Tyler Seguin.
9:18 of 1st period - Stopped by Marc-Andre Fleury without a rebound.
9:19 of 1st period - Mason McTavish wins face-off versus Jack Drury in Dallas Stars zone.
9:33 of 1st period - Icing by Alex Iafallo.
9:34 of 1st period - Jack Drury wins face-off versus Erik Haula in Dallas Stars zone.
9:34 of 1st period - Jack Drury is hit by Erik Haula.
9:48 of 1st period - Slapshot by Dougie Hamilton.
9:48 of 1st period - Deflect By Alex Iafallo.
9:48 of 1st period - Shot Misses the Net.
9:48 of 1st period - Puck is out of play.
9:49 of 1st period - Luke Kunin wins face-off versus Mason McTavish in Arizona Coyotes zone.
9:50 of 1st period - Slapshot by Jakob Chychrun.
9:50 of 1st period - Deflect By Johnathan Kovacevic.
9:50 of 1st period - Goal by Jakob Chychrun - Dallas Stars : 1 - Arizona Coyotes : 0.
9:51 of 1st period - Luke Kunin wins face-off versus Charlie Coyle in neutral zone.
10:02 of 1st period - Snap shot by Tyler Seguin.
10:02 of 1st period - Shot Misses the Net.
10:18 of 1st period - Trent Frederic is hit by Johnathan Kovacevic and loses puck.
10:47 of 1st period - Backhand shot by Tyler Bertuzzi.
10:47 of 1st period - Shot Blocked by Cam York.
10:49 of 1st period - Wrist shot by Erik Haula.
10:49 of 1st period - Goal by Erik Haula - Dallas Stars : 1 - Arizona Coyotes : 1.
10:50 of 1st period - Luke Kunin wins face-off versus Mark Jankowski in neutral zone.
11:20 of 1st period - Snap shot by Brendan Gallagher.
11:20 of 1st period - Stopped by Jacob Markstrom with a rebound.
11:22 of 1st period - Snap shot by Josh Anderson.
11:22 of 1st period - Shot Misses the Net.
11:24 of 1st period - Slapshot by Rasmus Ristolainen.
11:24 of 1st period - Shot Misses the Net.
11:26 of 1st period - Snap shot by Elias Lindholm.
11:26 of 1st period - Stopped by Jacob Markstrom without a rebound.
11:27 of 1st period - Charlie Coyle wins face-off versus Luke Kunin in Arizona Coyotes zone.
11:29 of 1st period - Minor Penalty to Nick Seeler for Interference.
11:30 of 1st period - Elias Lindholm wins face-off versus Charlie Coyle in Arizona Coyotes zone.
11:36 of 1st period - Snap shot by Josh Anderson.
11:36 of 1st period - Stopped by Jacob Markstrom without a rebound.
11:37 of 1st period - Charlie Coyle wins face-off versus Elias Lindholm in Arizona Coyotes zone.
12:02 of 1st period - Wrist shot by Tyler Seguin.
12:02 of 1st period - Shot Misses the Net.
12:40 of 1st period - Slapshot by Brendan Gallagher.
12:40 of 1st period - Stopped by Jacob Markstrom with a rebound.
12:42 of 1st period - Slapshot by Rasmus Ristolainen.
12:42 of 1st period - Deflect By Brendan Gallagher.
12:42 of 1st period - Goal by Brendan Gallagher - Dallas Stars : 2 - Arizona Coyotes : 1.
12:43 of 1st period - Erik Haula wins face-off versus Luke Kunin in neutral zone.
13:30 of 1st period - Wrist shot by Joel Kiviranta.
13:30 of 1st period - Deflect By Charlie Coyle.
13:30 of 1st period - Shot Misses the Net.
13:30 of 1st period - Puck is out of play.
13:31 of 1st period - Charlie Coyle wins face-off versus Philip Tomasino in Arizona Coyotes zone.
14:07 of 1st period - Wrist shot by Ryan Donato.
14:07 of 1st period - Stopped by Marc-Andre Fleury with a rebound.
14:37 of 1st period - Wrist shot by Charlie Coyle.
14:37 of 1st period - Shot Misses the Net.
14:39 of 1st period - Slapshot by Johnathan Kovacevic.
14:39 of 1st period - Stopped by Marc-Andre Fleury with a rebound.
14:55 of 1st period - Snap shot by Charlie Coyle.
14:55 of 1st period - Shot Misses the Net.
14:57 of 1st period - Slapshot by Charlie Coyle.
14:57 of 1st period - Shot Misses the Net.
14:59 of 1st period - Slapshot by Johnathan Kovacevic.
14:59 of 1st period - Deflect By Cam York.
14:59 of 1st period - Stopped by Marc-Andre Fleury with a rebound.
15:01 of 1st period - Slapshot by Radko Gudas.
15:01 of 1st period - Shot Blocked by Cam York.
15:03 of 1st period - Slapshot by Radko Gudas.
15:03 of 1st period - Shot Misses the Net.
15:05 of 1st period - Wrist shot by Johnathan Kovacevic.
15:05 of 1st period - Shot Blocked by Jonas Siegenthaler.
15:07 of 1st period - Snap shot by Ryan Donato.
15:07 of 1st period - Shot Misses the Net.
15:09 of 1st period - Slapshot by Radko Gudas.
15:09 of 1st period - Shot Misses the Net.
15:11 of 1st period - Slapshot by Charlie Coyle.
15:11 of 1st period - Shot Hit the Post.
15:13 of 1st period - Slapshot by Charlie Coyle.
15:13 of 1st period - Stopped by Marc-Andre Fleury without a rebound.
15:14 of 1st period - Mason McTavish wins face-off versus Elias Lindholm in Dallas Stars zone.
15:17 of 1st period - Snap shot by Kiefer Sherwood.
15:17 of 1st period - Stopped by Marc-Andre Fleury without a rebound.
15:18 of 1st period - Mason McTavish wins face-off versus Elias Lindholm in Dallas Stars zone.
15:21 of 1st period - Backhand shot by Mats Zuccarello.
15:21 of 1st period - Shot Misses the Net.
15:23 of 1st period - Slapshot by Mats Zuccarello.
15:23 of 1st period - Shot Misses the Net.
15:25 of 1st period - Wrist shot by Mats Zuccarello.
15:25 of 1st period - Stopped by Marc-Andre Fleury without a rebound.
15:26 of 1st period - Luke Kunin wins face-off versus Erik Haula in Dallas Stars zone.
15:39 of 1st period - Luke Kunin is hit by Brayden McNabb and loses puck.
15:58 of 1st period - Snap shot by Brendan Gallagher.
15:58 of 1st period - Shot Misses the Net.
16:02 of 1st period - Wrist shot by Elias Lindholm.
16:02 of 1st period - Stopped by Jacob Markstrom with a rebound.
16:33 of 1st period - Brock McGinn is hit by Jordan Martinook.
16:49 of 1st period - Brendan Gallagher is hit by Ross Colton and loses puck.
18:15 of 1st period - Icing by Radko Gudas.
18:16 of 1st period - Mason McTavish wins face-off versus Josh Anderson in Arizona Coyotes zone.
18:27 of 1st period - Snap shot by Mats Zuccarello.
18:27 of 1st period - Stopped by Marc-Andre Fleury with a rebound.
18:29 of 1st period - Snap shot by Kiefer Sherwood.
18:29 of 1st period - Shot Misses the Net.
18:31 of 1st period - Backhand shot by Mason McTavish.
18:31 of 1st period - Shot Blocked by Elias Lindholm.
18:54 of 1st period - Icing by Brayden McNabb.
18:55 of 1st period - Luke Kunin wins face-off versus Charlie Coyle in Arizona Coyotes zone.
18:56 of 1st period - Snap shot by Jordan Martinook.
18:56 of 1st period - Shot Misses the Net.
18:58 of 1st period - Snap shot by Rasmus Ristolainen.
18:58 of 1st period - Shot Blocked by Brayden McNabb.
19:00 of 1st period - Slapshot by Rasmus Ristolainen.
19:00 of 1st period - Stopped by Jacob Markstrom with a rebound.
19:02 of 1st period - Wrist shot by Jordan Greenway.
19:02 of 1st period - Stopped by Jacob Markstrom with a rebound.
19:04 of 1st period - Wrist shot by Jordan Greenway.
19:04 of 1st period - Stopped by Jacob Markstrom with a rebound.
Goals for this period are 2 for Dallas Stars vs 1 for Arizona Coyotes.
Shots for this period are 14 for Dallas Stars vs 18 for Arizona Coyotes.

2nd period


0:01 of 2nd period - Luke Kunin wins face-off versus Mason McTavish in neutral zone.
0:28 of 2nd period - Snap shot by Ondrej Palat.
0:28 of 2nd period - Stopped by Marc-Andre Fleury without a rebound.
0:29 of 2nd period - Elias Lindholm wins face-off versus Mark Jankowski in Dallas Stars zone.
1:58 of 2nd period - Icing by Philip Tomasino.
1:59 of 2nd period - Elias Lindholm wins face-off versus Charlie Coyle in Dallas Stars zone.
1:59 of 2nd period - Elias Lindholm is hit by Nick Seeler.
2:11 of 2nd period - Snap shot by Josh Anderson.
2:11 of 2nd period - Stopped by Jacob Markstrom without a rebound.
2:12 of 2nd period - Erik Haula wins face-off versus Luke Kunin in Arizona Coyotes zone.
2:46 of 2nd period - Snap shot by Trent Frederic.
2:46 of 2nd period - Shot Blocked by Ryan Donato.
2:48 of 2nd period - Slapshot by Trent Frederic.
2:48 of 2nd period - Stopped by Jacob Markstrom without a rebound.
2:49 of 2nd period - Elias Lindholm wins face-off versus Mats Zuccarello in Arizona Coyotes zone.
3:10 of 2nd period - Minor Penalty to Elias Lindholm for Cross-checking.
3:11 of 2nd period - Jack Drury wins face-off versus Charlie Coyle in Dallas Stars zone.
3:17 of 2nd period - Icing by Radko Gudas.
3:18 of 2nd period - Jordan Martinook wins face-off versus Charlie Coyle in Arizona Coyotes zone.
4:56 of 2nd period - Charlie Coyle is hit by Luke Kunin and loses puck.
5:01 of 2nd period - Wrist shot by Luke Kunin.
5:01 of 2nd period - Stopped by Jacob Markstrom with a rebound.
5:03 of 2nd period - Wrist shot by Luke Kunin.
5:03 of 2nd period - Shot Blocked by Ryan Donato.
5:10 of 2nd period - Penalty to Elias Lindholm is over, Elias Lindholm is back on ice.
5:21 of 2nd period - Wrist shot by Ryan Donato.
5:21 of 2nd period - Stopped by Marc-Andre Fleury without a rebound.
5:22 of 2nd period - Erik Haula wins face-off versus Philip Tomasino in Dallas Stars zone.
6:06 of 2nd period - Brock McGinn is hit by Luke Kunin and loses puck.
6:13 of 2nd period - Wrist shot by Jordan Martinook.
6:13 of 2nd period - Shot Hit the Post.
6:15 of 2nd period - Slapshot by Jonas Siegenthaler.
6:15 of 2nd period - Shot Blocked by Johnathan Kovacevic.
6:31 of 2nd period - Radko Gudas is hit by Elias Lindholm.
6:41 of 2nd period - Minor Penalty to Radko Gudas for Hooking.
6:42 of 2nd period - Ryan Donato wins face-off versus Luke Kunin in Arizona Coyotes zone.
6:51 of 2nd period - Slapshot by Mats Zuccarello.
6:51 of 2nd period - Goal by Mats Zuccarello - Dallas Stars : 2 - Arizona Coyotes : 2.
6:52 of 2nd period - Ryan Donato wins face-off versus Luke Kunin in neutral zone.
7:17 of 2nd period - Jakob Chychrun is hit by Brayden McNabb.
8:01 of 2nd period - Mats Zuccarello is hit by Luke Kunin and loses puck.
8:16 of 2nd period - Anthony DeAngelo is hit by Josh Anderson and loses puck.
8:37 of 2nd period - Mats Zuccarello is hit by Jordan Martinook and loses puck.
8:41 of 2nd period - Penalty to Radko Gudas is over, Radko Gudas is back on ice.
9:02 of 2nd period - Snap shot by Radko Gudas.
9:02 of 2nd period - Stopped by Marc-Andre Fleury with a rebound.
9:16 of 2nd period - Jonas Siegenthaler is hit by Ross Colton.
10:02 of 2nd period - Trevor van Riemsdyk is hit by Erik Haula and loses puck.
10:25 of 2nd period - Jakob Chychrun is hit by Radko Gudas.
10:56 of 2nd period - Snap shot by Jonatan Berggren.
10:56 of 2nd period - Stopped by Jacob Markstrom with a rebound.
12:13 of 2nd period - Slapshot by Jordan Martinook.
12:13 of 2nd period - Stopped by Jacob Markstrom with a rebound.
12:35 of 2nd period - Joel Kiviranta is hit by Jared Spurgeon and loses puck.
13:22 of 2nd period - Anthony DeAngelo is hit by Elias Lindholm and loses puck.
13:55 of 2nd period - Jonas Siegenthaler is hit by Brock McGinn and loses puck.
14:06 of 2nd period - Mats Zuccarello is hit by Joel Kiviranta and loses puck.
14:12 of 2nd period - Icing by Mats Zuccarello.
14:13 of 2nd period - Elias Lindholm wins face-off versus Mason McTavish in Arizona Coyotes zone.
14:24 of 2nd period - Kiefer Sherwood is hit by Josh Anderson and loses puck.
14:31 of 2nd period - Brendan Gallagher is hit by Kiefer Sherwood and loses puck.
15:25 of 2nd period - Snap shot by Brayden McNabb.
15:25 of 2nd period - Stopped by Marc-Andre Fleury with a rebound.
15:27 of 2nd period - Slapshot by Brayden McNabb.
15:27 of 2nd period - Shot Misses the Net.
15:29 of 2nd period - Snap shot by Mason McTavish.
15:29 of 2nd period - Shot Misses the Net.
15:31 of 2nd period - Slapshot by Brayden McNabb.
15:31 of 2nd period - Shot Blocked by Trevor van Riemsdyk.
15:33 of 2nd period - Snap shot by Mason McTavish.
15:33 of 2nd period - Stopped by Marc-Andre Fleury with a rebound.
15:35 of 2nd period - Slapshot by Jared Spurgeon.
15:35 of 2nd period - Deflect By Jakob Chychrun.
15:35 of 2nd period - Stopped by Marc-Andre Fleury with a rebound.
15:37 of 2nd period - Slapshot by Jared Spurgeon.
15:37 of 2nd period - Shot Blocked by Brendan Gallagher.
15:39 of 2nd period - Wrist shot by Mason McTavish.
15:39 of 2nd period - Deflect By Mats Zuccarello.
15:39 of 2nd period - Stopped by Marc-Andre Fleury without a rebound.
15:40 of 2nd period - Luke Kunin wins face-off versus Charlie Coyle in Dallas Stars zone.
15:49 of 2nd period - Slapshot by Jordan Martinook.
15:49 of 2nd period - Goal by Jordan Martinook - Dallas Stars : 3 - Arizona Coyotes : 2.
15:50 of 2nd period - Luke Kunin wins face-off versus Charlie Coyle in neutral zone.
16:24 of 2nd period - Snap shot by Alex Iafallo.
16:24 of 2nd period - Stopped by Jacob Markstrom without a rebound.
16:25 of 2nd period - Erik Haula wins face-off versus Alex Iafallo in Arizona Coyotes zone.
16:54 of 2nd period - Snap shot by Luke Kunin.
16:54 of 2nd period - Stopped by Jacob Markstrom without a rebound.
16:55 of 2nd period - Mark Jankowski wins face-off versus Luke Kunin in Arizona Coyotes zone.
17:04 of 2nd period - Snap shot by Luke Kunin.
17:04 of 2nd period - Shot Misses the Net.
17:41 of 2nd period - Snap shot by Mason McTavish.
17:41 of 2nd period - Shot Blocked by Elias Lindholm.
17:43 of 2nd period - Wrist shot by Mats Zuccarello.
17:43 of 2nd period - Deflect By Kiefer Sherwood.
17:43 of 2nd period - Stopped by Marc-Andre Fleury with a rebound.
17:57 of 2nd period - Minor Penalty to Rasmus Ristolainen for Hooking.
17:58 of 2nd period - Jordan Martinook wins face-off versus Mason McTavish in Dallas Stars zone.
18:07 of 2nd period - Brendan Gallagher is hit by Kiefer Sherwood.
19:57 of 2nd period - Penalty to Rasmus Ristolainen is over, Rasmus Ristolainen is back on ice.
Goals for this period are 1 for Dallas Stars vs 1 for Arizona Coyotes.
Shots for this period are 8 for Dallas Stars vs 9 for Arizona Coyotes.

3rd period


0:01 of 3rd period - Charlie Coyle wins face-off versus Luke Kunin in neutral zone.
0:12 of 3rd period - Jordan Greenway is hit by Johnathan Kovacevic and loses puck.
0:36 of 3rd period - Slapshot by Anthony DeAngelo.
0:36 of 3rd period - Deflect By Tyler Bertuzzi.
0:36 of 3rd period - Goal by Tyler Bertuzzi - Dallas Stars : 3 - Arizona Coyotes : 3.
0:37 of 3rd period - Charlie Coyle wins face-off versus Luke Kunin in neutral zone.
0:46 of 3rd period - Slapshot by Charlie Coyle.
0:46 of 3rd period - Deflect By Ryan Donato.
0:46 of 3rd period - Shot Misses the Net.
0:46 of 3rd period - Puck is out of play.
0:47 of 3rd period - Charlie Coyle wins face-off versus Luke Kunin in Dallas Stars zone.
1:36 of 3rd period - Jakob Chychrun is hit by Ryan Donato and loses puck.
1:57 of 3rd period - Off-side.
1:58 of 3rd period - Mats Zuccarello wins face-off versus Jack Drury in neutral zone.
2:05 of 3rd period - Wrist shot by Mason McTavish.
2:05 of 3rd period - Shot Misses the Net.
2:24 of 3rd period - Mason McTavish is hit by Joel Kiviranta and loses puck.
2:31 of 3rd period - Rasmus Ristolainen is hit by Mats Zuccarello and loses puck.
2:36 of 3rd period - Wrist shot by Mason McTavish.
2:36 of 3rd period - Stopped by Marc-Andre Fleury with a rebound.
2:38 of 3rd period - Snap shot by Mason McTavish.
2:38 of 3rd period - Deflect By Mats Zuccarello.
2:38 of 3rd period - Shot Misses the Net.
2:38 of 3rd period - Puck is out of play.
2:39 of 3rd period - Elias Lindholm wins face-off versus Erik Haula in Dallas Stars zone.
2:39 of 3rd period - Elias Lindholm is hit by Erik Haula.
3:43 of 3rd period - Snap shot by Jonatan Berggren.
3:43 of 3rd period - Goal by Jonatan Berggren - Dallas Stars : 4 - Arizona Coyotes : 3.
3:44 of 3rd period - Charlie Coyle wins face-off versus Elias Lindholm in neutral zone.
4:12 of 3rd period - Minor Penalty to Erik Haula for Slashing.
4:13 of 3rd period - Luke Kunin wins face-off versus Ryan Donato in Arizona Coyotes zone.
4:19 of 3rd period - Snap shot by Jordan Martinook.
4:19 of 3rd period - Stopped by Jacob Markstrom with a rebound.
4:21 of 3rd period - Snap shot by Jordan Martinook.
4:21 of 3rd period - Shot Misses the Net.
4:23 of 3rd period - Slapshot by Jordan Martinook.
4:23 of 3rd period - Goal by Jordan Martinook - Dallas Stars : 5 - Arizona Coyotes : 3.
4:24 of 3rd period - Jordan Greenway wins face-off versus Erik Haula in neutral zone.
4:27 of 3rd period - Slapshot by Luke Kunin.
4:27 of 3rd period - Shot Misses the Net.
4:59 of 3rd period - Slapshot by Mason McTavish.
4:59 of 3rd period - Stopped by Marc-Andre Fleury without a rebound.
5:00 of 3rd period - Charlie Coyle wins face-off versus Josh Anderson in Dallas Stars zone.
5:05 of 3rd period - Snap shot by Ryan Donato.
5:05 of 3rd period - Deflect By Elias Lindholm.
5:05 of 3rd period - Shot Misses the Net.
5:05 of 3rd period - Puck is out of play.
5:06 of 3rd period - Charlie Coyle wins face-off versus Elias Lindholm in Dallas Stars zone.
5:07 of 3rd period - Snap shot by Tyler Seguin.
5:07 of 3rd period - Shot Blocked by Jonas Siegenthaler.
5:15 of 3rd period - Snap shot by Brendan Gallagher.
5:15 of 3rd period - Shot Misses the Net.
5:17 of 3rd period - Snap shot by Brendan Gallagher.
5:17 of 3rd period - Shot Misses the Net.
5:19 of 3rd period - Snap shot by Brendan Gallagher.
5:19 of 3rd period - Stopped by Jacob Markstrom without a rebound.
5:20 of 3rd period - Mason McTavish wins face-off versus Luke Kunin in Arizona Coyotes zone.
5:20 of 3rd period - Mason McTavish is hit by Luke Kunin.
5:30 of 3rd period - Slapshot by Jordan Greenway.
5:30 of 3rd period - Stopped by Jacob Markstrom without a rebound.
5:31 of 3rd period - Jack Drury wins face-off versus Erik Haula in Arizona Coyotes zone.
5:32 of 3rd period - Slapshot by Alex Iafallo.
5:32 of 3rd period - Shot Misses the Net.
6:37 of 3rd period - Snap shot by Brock McGinn.
6:37 of 3rd period - Shot Misses the Net.
7:46 of 3rd period - Elias Lindholm is hit by Ryan Donato.
8:00 of 3rd period - Snap shot by Elias Lindholm.
8:00 of 3rd period - Shot Misses the Net.
8:02 of 3rd period - Wrist shot by Josh Anderson.
8:02 of 3rd period - Goal by Josh Anderson - Dallas Stars : 6 - Arizona Coyotes : 3.
8:03 of 3rd period - Mason McTavish wins face-off versus Jordan Martinook in neutral zone.
8:06 of 3rd period - Jordan Martinook is hit by Radko Gudas and loses puck.
8:10 of 3rd period - Minor Penalty to Trevor van Riemsdyk for Cross-checking.
8:11 of 3rd period - Mason McTavish wins face-off versus Elias Lindholm in Dallas Stars zone.
8:26 of 3rd period - Cam York is hit by Johnathan Kovacevic and loses puck.
10:00 of 3rd period - Jordan Martinook is hit by Radko Gudas and loses puck.
10:10 of 3rd period - Penalty to Trevor van Riemsdyk is over, Trevor van Riemsdyk is back on ice.
10:43 of 3rd period - Snap shot by Jonatan Berggren.
10:43 of 3rd period - Stopped by Jacob Markstrom without a rebound.
10:44 of 3rd period - Mark Jankowski wins face-off versus Philip Tomasino in Arizona Coyotes zone.
10:51 of 3rd period - Snap shot by Ondrej Palat.
10:51 of 3rd period - Deflect By Brock McGinn.
10:51 of 3rd period - Stopped by Marc-Andre Fleury with a rebound.
10:53 of 3rd period - Slapshot by Brock McGinn.
10:53 of 3rd period - Stopped by Marc-Andre Fleury without a rebound.
10:54 of 3rd period - Charlie Coyle wins face-off versus Philip Tomasino in Dallas Stars zone.
11:01 of 3rd period - Slapshot by Ryan Donato.
11:01 of 3rd period - Deflect By Jonas Siegenthaler.
11:01 of 3rd period - Stopped by Marc-Andre Fleury with a rebound.
11:27 of 3rd period - Snap shot by Jordan Martinook.
11:27 of 3rd period - Stopped by Jacob Markstrom without a rebound.
11:28 of 3rd period - Tyler Seguin wins face-off versus Jack Drury in Arizona Coyotes zone.
11:28 of 3rd period - Tyler Seguin is hit by Trent Frederic.
12:19 of 3rd period - Backhand shot by Tyler Seguin.
12:19 of 3rd period - Shot Misses the Net.
12:21 of 3rd period - Slapshot by Brayden McNabb.
12:21 of 3rd period - Shot Blocked by Jordan Greenway.
12:46 of 3rd period - Slapshot by Jared Spurgeon.
12:46 of 3rd period - Shot Misses the Net.
12:48 of 3rd period - Slapshot by Jared Spurgeon.
12:48 of 3rd period - Stopped by Marc-Andre Fleury without a rebound.
12:49 of 3rd period - Mason McTavish wins face-off versus Elias Lindholm in Dallas Stars zone.
12:52 of 3rd period - Snap shot by Mats Zuccarello.
12:52 of 3rd period - Shot Blocked by Jakob Chychrun.
12:54 of 3rd period - Slapshot by Kiefer Sherwood.
12:54 of 3rd period - Shot Misses the Net.
12:56 of 3rd period - Snap shot by Johnathan Kovacevic.
12:56 of 3rd period - Stopped by Marc-Andre Fleury with a rebound.
12:58 of 3rd period - Snap shot by Johnathan Kovacevic.
12:58 of 3rd period - Stopped by Marc-Andre Fleury with a rebound.
13:00 of 3rd period - Snap shot by Mason McTavish.
13:00 of 3rd period - Deflect By Mats Zuccarello.
13:00 of 3rd period - Shot Misses the Net.
13:00 of 3rd period - Puck is out of play.
13:01 of 3rd period - Luke Kunin wins face-off versus Mats Zuccarello in Dallas Stars zone.
13:26 of 3rd period - Ross Colton is hit by Jack Drury and loses puck.
13:27 of 3rd period - Ross Colton from Arizona Coyotes is injured at 13:27 of 3rd period (Strained Right Elbow).
13:28 of 3rd period - Erik Haula wins face-off versus Jordan Greenway in Arizona Coyotes zone.
13:40 of 3rd period - Off-side.
13:41 of 3rd period - Erik Haula wins face-off versus Elias Lindholm in neutral zone.
13:57 of 3rd period - Snap shot by Elias Lindholm.
13:57 of 3rd period - Shot Blocked by Ryan Donato.
14:39 of 3rd period - Slapshot by Ondrej Palat.
14:39 of 3rd period - Stopped by Marc-Andre Fleury with a rebound.
14:49 of 3rd period - Snap shot by Ryan Donato.
14:49 of 3rd period - Shot Misses the Net.
15:46 of 3rd period - Snap shot by Elias Lindholm.
15:46 of 3rd period - Shot Misses the Net.
15:48 of 3rd period - Backhand shot by Cam York.
15:48 of 3rd period - Shot Blocked by Brock McGinn.
15:50 of 3rd period - Snap shot by Brendan Gallagher.
15:50 of 3rd period - Stopped by Jacob Markstrom with a rebound.
15:52 of 3rd period - Slapshot by Brendan Gallagher.
15:52 of 3rd period - Shot Blocked by Nick Seeler.
15:54 of 3rd period - Wrist shot by Cam York.
15:54 of 3rd period - Shot Misses the Net.
15:58 of 3rd period - Snap shot by Elias Lindholm.
15:58 of 3rd period - Shot Misses the Net.
16:00 of 3rd period - Slapshot by Cam York.
16:00 of 3rd period - Deflect By Brendan Gallagher.
16:00 of 3rd period - Stopped by Jacob Markstrom without a rebound.
16:01 of 3rd period - Mason McTavish wins face-off versus Luke Kunin in Arizona Coyotes zone.
16:14 of 3rd period - Snap shot by Luke Kunin.
16:14 of 3rd period - Shot Misses the Net.
16:16 of 3rd period - Wrist shot by Luke Kunin.
16:16 of 3rd period - Deflect By Jordan Greenway.
16:16 of 3rd period - Deflect By Kiefer Sherwood.
16:16 of 3rd period - Shot Misses the Net.
16:16 of 3rd period - Puck is out of play.
16:17 of 3rd period - Jack Drury wins face-off versus Erik Haula in Arizona Coyotes zone.
16:26 of 3rd period - Trent Frederic is hit by Ryan Donato and loses puck.
16:31 of 3rd period - Snap shot by Erik Haula.
16:31 of 3rd period - Deflect By Ryan Donato.
16:31 of 3rd period - Stopped by Marc-Andre Fleury without a rebound.
16:32 of 3rd period - Kiefer Sherwood wins face-off versus Luke Kunin in Dallas Stars zone.
16:47 of 3rd period - Wrist shot by Kiefer Sherwood.
16:47 of 3rd period - Shot Misses the Net.
16:57 of 3rd period - Erik Haula is hit by Trevor van Riemsdyk.
17:44 of 3rd period - Wrist shot by Philip Tomasino.
17:44 of 3rd period - Shot Misses the Net.
17:46 of 3rd period - Snap shot by Trevor van Riemsdyk.
17:46 of 3rd period - Stopped by Jacob Markstrom with a rebound.
17:56 of 3rd period - Snap shot by Charlie Coyle.
17:56 of 3rd period - Shot Blocked by Trevor van Riemsdyk.
17:58 of 3rd period - Slapshot by Charlie Coyle.
17:58 of 3rd period - Stopped by Marc-Andre Fleury with a rebound.
18:00 of 3rd period - Snap shot by Tyler Seguin.
18:00 of 3rd period - Stopped by Marc-Andre Fleury without a rebound.
18:01 of 3rd period - Luke Kunin wins face-off versus Charlie Coyle in Dallas Stars zone.
18:19 of 3rd period - Ryan Donato is hit by Jordan Martinook and loses puck.
18:50 of 3rd period - Slapshot by Trent Frederic.
18:50 of 3rd period - Shot Misses the Net.
Goals for this period are 3 for Dallas Stars vs 1 for Arizona Coyotes.
Shots for this period are 11 for Dallas Stars vs 13 for Arizona Coyotes.